 Dungeon Sprint DCSS version 0.30.1-9-gdf580d7c3d (webtiles) character file.

Game seed: 2799162803206554257

1323 Heoruswealwe the Impaler (level 8, -1/83 HPs)
             Began as a Minotaur Fighter on Oct 6, 2023.
             Was an Initiate of Gozag.
             Slain by a two-headed ogre
             ... wielding a +0 giant spiked club
              (14 damage)
             ... in the Dungeon (Sprint IX: "|||||||||||||||||||||||||||||").
             The game lasted 00:04:15 (474 turns).

Heoruswealwe the Impaler (Minotaur Fighter)          Turns: 474, Time: 00:04:16

Health: -1/83      AC: 13    Str: 23    XL:     8   Next: 33%
Magic:  7/7        EV: 12    Int:  5    God:    Gozag
Gold:   450        SH:  0    Dex: 10    Spells: 7/7 levels left

rFire   . . .        b - +2 halberd (venom)
rCold   . . .        (shield currently unavailable)
rNeg    . . .        c - +2 ring mail
rPois   .            (helmet restricted)
rElec   .            (no cloak)
rCorr   .            (no gloves)
SInv    .            e - +0 pair of boots
Will    .....        (no amulet) Stlth
                     k - +2 ring of evasion
HPRegen 0.33/turn    j - +2 ring of protection
MPRegen 0.10/turn

%: no teleportation
@: gold aura, hasted, very quick
A: horns 2, retaliatory headbutt
a: Renounce Religion, Potion Petition, Call Merchant, Bribe Branch


You were in the Dungeon.
You worshipped Gozag.
Gozag was aware of your devotion.
You visited 1 branch You collected 450 gold pieces.

Inventory:

Hand Weapons
 a - a +0 trident
 b - a +2 halberd of venom (weapon)
Armour
 c - a +2 ring mail (worn)
 d - a +0 buckler
 e - a +0 pair of boots (worn)
Jewellery
 j - a +2 ring of protection (right hand)
 k - a +2 ring of evasion (left hand)
Wands
 h - a wand of light (10)
Scrolls
 m - 2 scrolls of blinking
Potions
 l - 4 potions of curing
 T - a potion of might


   Skills:
 + Level 11.7 Fighting
 * Level 15.5 Polearms
 + Level 11.7 Armour
 - Level 3.6 Shields


You had 7 spell levels left.
You didn't know any spells.
Your spell library was empty.

Dungeon Overview and Level Annotations

Branches:
Dungeon (1/1)

Altars:
Cheibriados
Dithmenos
Elyvilon
Fedhas
Gozag
Hepliaklqana
Kikubaaqudgha
Makhleb
Nemelex Xobeh
Okawaru
Qazlal
Ru
Sif Muna
Trog
Uskayaw
Vehumet
Wu Jian
Xom
Yredelemnul
Zin
The Shining One
Jiyva
Lugonu


Innate Abilities, Weirdness & Mutations

You have a pair of horns on your head.
You reflexively headbutt those who attack you in melee.


Message History

You have reached level 8!
You feel stronger.
The entropy weaver changes into a jumping spider!
The jumping spider leaps!
There is an open door here.
Things that are here:
90 gold pieces; a +4 scimitar of flaming You closely miss the jumping spider.
The jumping spider is distracted by your dazzling golden aura.
You miss the jumping spider.
The jumping spider is no longer distracted by gold.
The jumping spider's many legs skitter faintly.
The jumping spider pounces on you!
You are caught in a web!
The jumping spider bites you.
The two-headed ogre hits you with a +0 giant spiked club.
The two-headed ogre closely misses you.
The jumping spider pounces on you but does no damage.
The jumping spider bites you but does no damage.
The jumping spider misses you. The jumping spider barely misses you.
You slash the jumping spider!
The jumping spider looks as sick as possible!
The jumping spider is heavily wounded.
The two-headed ogre hits you but does no damage.
The two-headed ogre hits you with a +0 giant club!
The jumping spider pounces on you but does no damage.
The jumping spider bites you.
You slice the jumping spider!!
You kill the jumping spider!
You hit the two-headed ogre but do no damage.
The two-headed ogre is poisoned.
You headbutt the two-headed ogre!
The two-headed ogre is moderately wounded.
The centaur warrior is distracted by your dazzling golden aura.
The two-headed ogre hits you with a +0 giant spiked club!!
The two-headed ogre hits you with a +0 giant club!!
* * * LOW HITPOINT WARNING * * *
The centaur warrior shouts!
You feel yourself speed up.
The two-headed ogre hits you with a +0 giant spiked club!
You die...
Your body crumbles into a pile of gold.

▓+▓
▓.▓
▓°▓
▓R▓
▓W▓
▓c▓
▓O▓
▓@▓
▓$▓
$
▓.▓
$
▓.▓
$ $
▓.▓
$
▓.▓
$
▓)▓
▓'▓
$
▓.▓


You could see a centaur warrior, a two-headed ogre (very poisoned), an efreet
and a wraith.

Vanquished Creatures
  An efreet (D)
  A hornet (D)
  A jumping spider (shapeshifter) (D)
  A vampire (D)
  A wraith (D)
  An acid dragon (D)
  An ice beast (D)
  A phantom (D)
  A killer bee (D)
  A hound (D)
  An orc wizard (D)
  An iguana (D)
  An adder (D)
  A bat (D)
  An endoplasm (D)
  A quokka (D)
  A ball python (D)
  A kobold (D)
18 creatures vanquished.

Notes
Turn   | Place    | Note
-------+----------+-------------------------------------------
     0 | D        | Heoruswealwe the Minotaur Fighter began the quest for the
                  | Orb.
     0 | D        | Reached XP level 1. HP: 19/19 MP: 0/0
     9 | D        | Reached skill level 3 in Polearms
    25 | D        | Noticed an ice beast
    25 | D        | Noticed a phantom
    25 | D        | Noticed a hound
    25 | D        | Noticed an iguana
    27 | D        | Killed an iguana
    28 | D        | Reached skill level 5 in Fighting
    28 | D        | Reached skill level 5 in Polearms
    28 | D        | Reached skill level 5 in Armour
    28 | D        | Reached XP level 2. HP: 29/29 MP: 1/1
    28 | D        | Reached XP level 3. HP: 36/36 MP: 2/2
    33 | D        | Reached skill level 6 in Polearms
    47 | D        | Killed a phantom
    48 | D        | Reached skill level 8 in Polearms
    48 | D        | Reached XP level 4. HP: 38/47 MP: 3/3
    48 | D        | Reached XP level 5. HP: 42/52 MP: 4/4
    54 | D        | Killed an ice beast
    55 | D        | Reached skill level 10 in Polearms
    61 | D        | Found a snail-covered altar of Cheibriados.
    61 | D        | Found a shadowy altar of Dithmenos.
    61 | D        | Found a white marble altar of Elyvilon.
    61 | D        | Found a blossoming altar of Fedhas.
    61 | D        | Found an opulent altar of Gozag.
    62 | D        | Found a hazy altar of Hepliaklqana.
    63 | D        | Found a viscous altar of Jiyva.
    64 | D        | Found an ancient bone altar of Kikubaaqudgha.
    65 | D        | Found a corrupted altar of Lugonu.
    66 | D        | Found a burning altar of Makhleb.
    67 | D        | Found a sparkling altar of Nemelex Xobeh.
    68 | D        | Found an iron altar of Okawaru.
    69 | D        | Became a worshipper of Gozag Ym Sagoz the Greedy
    70 | D        | Found a stormy altar of Qazlal.
    71 | D        | Found a sacrificial altar of Ru.
    72 | D        | Found a shimmering blue altar of Sif Muna.
    73 | D        | Found a bloodstained altar of Trog.
    74 | D        | Found a hide-covered altar of Uskayaw.
    75 | D        | Found a radiant altar of Vehumet.
    76 | D        | Found an ornate altar of the Wu Jian Council.
    77 | D        | Found a shimmering altar of Xom.
    78 | D        | Found a basalt altar of Yredelemnul.
    79 | D        | Found a glowing silver altar of Zin.
    80 | D        | Found a glowing golden altar of the Shining One.
   209 | D        | Noticed a vampire
   209 | D        | Noticed a wraith
   209 | D        | Noticed a hornet
   209 | D        | Noticed an acid dragon
   212 | D        | Killed an acid dragon
   213 | D        | Reached skill level 11 in Polearms
   213 | D        | Reached XP level 6. HP: 26/63 MP: 5/5
   218 | D        | Killed a hornet
   219 | D        | Reached skill level 12 in Polearms
   219 | D        | Reached XP level 7. HP: 45/71 MP: 6/6
   224 | D        | Killed a wraith
   225 | D        | Reached skill level 10 in Fighting
   225 | D        | Reached skill level 13 in Polearms
   225 | D        | Reached skill level 10 in Armour
   232 | D        | Reached skill level 14 in Polearms
   260 | D        | Killed a vampire
   463 | D        | Noticed an entropy weaver
   463 | D        | Noticed an efreet
   463 | D        | Noticed a wraith
   463 | D        | Noticed a centaur warrior
   463 | D        | Noticed a two-headed ogre
   463 | D        | Noticed an efreet
   465 | D        | Killed an efreet
   466 | D        | Reached skill level 15 in Polearms
   466 | D        | Reached XP level 8. HP: 82/82 MP: 7/7
   466 | D        | an entropy weaver changed into a jumping spider
   466 | D        | Noticed a jumping spider (shapeshifter)
   472 | D        | Killed a jumping spider
   474 | D        | Slain by a two-headed ogre

Illustrated notes

Levels and vault maps discovered:
D:        linesprint [early_d, line_temple, items_1, d_10, items_2, lair_1,
          lair_end, items_3, orc_1, orc_end, items_4, d_15, swamp_1, shoals_1,
          snake_1, spider_1, d_20, vaults_1, items_5, swamp_end, shoals_end,
          snake_end, spider_end, vaults_end, d_27, items_6, zot_1, zot_end,
          crypt_end, forest_end, elf_end, slime_end, tomb_end, abyss_end,
          pan_hell_end]

Skill      XL: |  1  2  3  4  5  6  7 |
---------------+----------------------+-----
Polearms       | 5 8 11 12 15 | 15.5
Fighting       | 5 7 9 11 | 11.7
Armour         | 5 7 8 9 11 | 11.7
Shields        | |  3.6

Action                     |  1- 3 |  4- 6 |  7- 9 || total
---------------------------+-------+-------+-------++-------
  Melee: Trident           |    33 |     7 |       ||    40
         Headbutt          |     5 |       |     9 ||    14
         Halberd           |       |     8 |    43 ||    51
    Use: Potion            |       |     1 |     5 ||     6
   Stab: Distracted        |       |       |     1 ||     1
 Armour: Scale mail        |    12 |       |       ||    12
         Ring mail         |       |     2 |    22 ||    24
  Dodge: Dodged            |    12 |     7 |    15 ||    34
  Block: Buckler           |     5 |     1 |       ||     6
